 Dungeon Crawl Stone Soup version 0.31.0-9-g3a7656b989 (webtiles) character file.

Game seed: 3812423205954746407

123 qw the Shooter (level 4, -5/23 HPs)
             Began as a Spriggan Hunter on Feb 2, 2024.
             Slain by an orc
             ... wielding a +0 mace
              (6 damage)
             ... on level 3 of the Dungeon.
             The game lasted 00:00:10 (1710 turns).

qw the Shooter (Spriggan Hunter)                    Turns: 1710, Time: 00:00:11

Health: -5/23      AC:  4    Str:  4 (7)  XL:     4   Next: 79%
Magic:  5/5        EV: 19    Int:  8 (10) God:
Gold:   148        SH:  0    Dex: 17 (20) Spells: 3/3 levels left

rFire   . . .        a - +0 shortbow
rCold   . . .        (shield currently unavailable)
rNeg    . . .        c - +0 robe
rPois   .            (helmet restricted)
rElec   .            i - +1 cloak
rCorr   .            (gloves unavailable)
SInv    +            (boots unavailable)
Will    .....        (no amulet)
Stlth   ++           (no ring)
HPRegen 0.23/turn    (no ring)
MPRegen 0.09/turn

%: no passive effects
@: very quick
A: very small, no large weapons, unfitting armour, see invisible, speed 3
a: no special abilities


You were on level 3 of the Dungeon.
You visited 1 branch of the dungeon, and saw 3 of its levels.

You collected 148 gold pieces.


Innate Abilities, Weirdness & Mutations

You are very small and have problems with some larger weapons.
You are too small for most types of armour.
You have supernaturally acute eyesight. (SInv)
You cover ground extremely quickly. (Speed+++)


   Skills:
 + Level 1.9 Fighting
 - Level 5.1 Ranged Weapons
 - Level 5.0 Dodging
 - Level 1.5 Stealth


You had 3 spell levels left.
You didn't know any spells.
Your spell library was empty.

Inventory:

Hand Weapons
 a - a +0 shortbow (weapon)
Armour
 c - a +0 robe (worn)
 i - a +1 cloak (worn)
Potions
 f - a potion of might {unknown}
 g - a potion of curing
 h - a potion of brilliance {unknown}
 k - a potion of cancellation {unknown}
 m - a potion of berserk rage {unknown}

Dungeon Overview and Level Annotations

Branches:
Dungeon (3/15)

Altars:
Yredelemnul


Message History

You shoot an arrow. The arrow barely misses the orc wizard.
You shoot an arrow. The arrow hits the orc wizard.
The orc wizard is heavily wounded.
The orc wizard hits you but does no damage.
The orc misses you.
The orc wizard hits you but does no damage.
The orc misses you.
You shoot an arrow.
The arrow hits the orc wizard but does no damage.
The orc wizard is heavily wounded.
The orc wizard hits you with a +0 dagger.
The orc hits you but does no damage.
You shoot an arrow. The arrow hits the orc wizard.
The orc wizard is severely wounded.
The orc wizard misses you. The orc closely misses you.
You shoot an arrow. The arrow barely misses the orc wizard.
The orc wizard barely misses you. The orc misses you.
You shoot an arrow.
The arrow hits the orc wizard but does no damage.
The orc wizard is severely wounded.
The orc wizard misses you. The orc hits you with a +0 mace!
You shoot an arrow.
The arrow completely misses the orc wizard.
The orc wizard barely misses you. The orc hits you but does no damage.
You shoot an arrow. The arrow barely misses the orc wizard.
The orc wizard casts a spell at you. The puff of flame misses you.
The orc completely misses you.
You shoot an arrow. The arrow barely misses the orc wizard.
The orc wizard hits you with a +0 dagger.
The orc misses you. The orc completely misses you.
The orc wizard gestures at you while chanting.
You easily resist.
You shoot an arrow. The arrow hits the orc wizard.
The orc wizard is almost dead.
The orc misses you. The orc wizard closely misses you.
You shoot an arrow.
The arrow closely misses the orc wizard.
The orc wizard hits you with a +0 dagger.
The orc hits you with a +0 mace.
You die...

### ###### ..#
#....# ### #.#
####.## ....
..# #.....#
.....##.#
####..#
.....>oo# #<.#
#@# #..# #[#
#..# #.# #..#
#.# #..# #.#
####..#
#.###+###.....#
#.#.....#..#.##
#.........##.#
#.#.....####.#


You could see an orc wizard and an orc.

Vanquished Creatures
  4 gnolls (D:2)
  An adder (D:2)
  2 dart slugs
  4 orcs
  9 ball pythons (D:1)
  4 bats
  5 endoplasms
  2 giant cockroaches
  10 goblins
  4 hobgoblins
  2 quokkas
  5 frilled lizards
  5 kobolds
  6 rats
63 creatures vanquished.

Notes
Turn   | Place    | Note
-------+----------+-------------------------------------------
     0 | D:1      | qw the Spriggan Hunter began the quest for the Orb.
     0 | D:1      | Reached XP level 1. HP: 10/10 MP: 2/2
     0 | D:1      | 0 ||| qw: Version: 0.3-a-155-g5e7d8dd
     0 | D:1      | 0 ||| qw: Game counter: 2392
     0 | D:1      | 0 ||| qw: Melee chars always use a shield: true
     0 | D:1      | 0 ||| qw: God list: Okawaru
     0 | D:1      | 0 ||| qw: Allow faded altars: false
     0 | D:1      | 0 ||| qw: Do Orc after clearing Dungeon:15 true
     0 | D:1      | 0 ||| qw: Do second Lair branch before Depths: true
     0 | D:1      | 0 ||| qw: Lair rune preference: random
     0 | D:1      | 0 ||| qw: Goals: Normal
     0 | D:1      | 0 ||| PLANNING D:1-11
    33 | D:1      | Reached skill level 3 in Dodging
    64 | D:1      | Reached XP level 2. HP: 14/14 MP: 3/3
   114 | D:1      | Found a faded altar of an unknown god.
   315 | D:1      | Reached XP level 3. HP: 18/18 MP: 4/4
   466 | D:1      | 466 ||| DROPPING scroll of butterflies.
   642 | D:2      | Identified the +6 war axe "Impbane" {drain, rElec rF++}
  1187 | D:2      | 1187 ||| RETREEEEATING.
  1190 | D:2      | 1190 ||| RETREEEEATING.
  1192 | D:2      | 1192 ||| RETREEEEATING.
  1196 | D:2      | Reached XP level 4. HP: 22/22 MP: 5/5
  1563 | D:2      | 1563 ||| UPGRADING to +0 cloak.
  1568 | D:2      | 1568 ||| READING scroll labelled YRIRUQ LIPPI.
  1569 | D:2      | 1569 ||| READING scroll labelled LYNUGA COUCK.
  1569 | D:2      | 1569 ||| ENCHANTING +0 cloak.
  1570 | D:2      | 1570 ||| READING scroll labelled MADIUSS QAQUG.
  1571 | D:2      | 1571 ||| DRINKING 2 clear potions.
  1572 | D:2      | 1572 ||| DRINKING 3 green potions.
  1573 | D:2      | 1573 ||| DRINKING 2 bubbling inky potions.
  1574 | D:2      | 1574 ||| DROPPING potion of degeneration.
  1575 | D:2      | 1575 ||| DROPPING 2 potions of attraction.
  1665 | D:3      | Found a basalt altar of Yredelemnul.
  1670 | D:3      | Noticed a profane servitor
  1684 | D:3      | 1684 ||| RETREEEEATING.
  1708 | D:3      | HP: 4/23 [orc wizard/+0 dagger (3)]
  1710 | D:3      | HP: 1/23 [orc wizard/+0 dagger (4)]
  1710 | D:3      | Slain by an orc

Levels and vault maps discovered:
D:1:      beargit_arrival_greenhouse, layout_basic,
          hellmonk_ecumenical_altar_pennies_from_heaven
D:2:      layout_basic, serial_bayou, serial_bayou_crossing,
          serial_bayou_ford_a, serial_bayou_shore_a, serial_bayou_pond_a,
          minmay_pentomino_z2
D:3:      layout_loops_ring, grunt_temple_overflow_holy_war

Skill      XL: |  1  2  3  4 |
---------------+-------------+-----
Dodging        | 3 4 5 |  5.0
Ranged Weapons | 5 |  5.1
Fighting       | |  1.9
Stealth        | |  1.5

Action                     |  1- 3 |  4- 6 || total
---------------------------+-------+-------++-------
   Fire: Shortbow          |   107 |    50 ||   157
    Use: Scroll            |       |     3 ||     3
         Potion            |       |     3 ||     3
 Armour: Robe              |     3 |    17 ||    20
  Dodge: Dodged            |    10 |    35 ||    45

Table legend:
 A = Non-vault XP
 B = Vault XP
 C = Vault XP percentage of total XP
 D = Non-vault monster count
 E = Vault monster count
 F = Vault count percentage of total count
                 A         B        C        D         E       F
            +---------+---------+-------+---------+---------+-------
      Total |     172 |       4 |   2.3 |      61 |       2 |   3.2
            +---------+---------+-------+---------+---------+-------
        D:1 |      54 |       0 |   0.0 |      32 |       0 |   0.0
        D:2 |     105 |       4 |   3.7 |      23 |       2 |   8.0
        D:3 |      13 |       0 |   0.0 |       6 |       0 |   0.0
            +---------+---------+-------+---------+---------+-------
